 Dungeon Crawl Stone Soup version 0.28.0-45-g0d030f2227 (webtiles) character file.

Game seed: 7790430691074992465

14884 Peloso the Carver (level 11, -4/93 (99) HPs)
             Began as a Minotaur Fighter on Mar 30, 2022.
             Was an Elder of Okawaru.
             Slain by a spectral orc warrior
             ... wielding a +1 short sword of venom
             ... summoned by Nergalle
              (5 damage)
             ... on level 1 of the Lair of Beasts.
             The game lasted 00:35:15 (15984 turns).

Peloso the Carver (Minotaur Fighter)               Turns: 15984, Time: 00:35:15

HP:   -4/93 (99)    AC: 31    Str: 24    XL:     11   Next: 94%
MP:   9/10          EV: 14    Int:  7    God:    Okawaru [****..]
Gold: 891           SH: 12    Dex: 11    Spells: 10/10 levels left

rFire   + . .      SeeInvis .   a - +2 falchion (vorpal)
rCold   + . .      Faith    .   c - +0 kite shield
rNeg    . . .      Spirit   .   y - +0 plate armour
rPois   +          Reflect  .   K - +0 hat
rElec   +          Harm     .   d - +2 cloak {Will+}
rCorr   +          Rampage  .   B - +0 pair of gloves
Will    ++...                   O - +1 pair of boots of Ru's Pride {Fly Will+ Int+2}
Stlth   ..........              (no amulet)
HPRegen 0.25/turn               j - +4 ring of protection
MPRegen 0.12/turn               k - +4 ring of evasion

@: lethally poisoned (-4 -> -12), resistant, heroic, flying, drained, invisible
A: horns 2, retaliatory headbutt, claws 1, shaggy fur 1
a: Renounce Religion, Heroism, Finesse


You were on level 1 of the Lair of Beasts.
You worshipped Okawaru.
Okawaru was greatly pleased with you.
You visited 3 branches of the dungeon, and saw 13 of its levels.
You also visited: Ossuary and Bailey.

You collected 891 gold pieces.

Inventory:

Hand Weapons
 a - a +2 vorpal falchion (weapon)
 b - a +0 hand axe of flaming
Armour
 c - a +0 kite shield (worn)
 d - a +2 cloak of willpower (worn)
 y - a +0 plate armour (worn)
 B - a +0 pair of gloves (worn)
 K - a +0 hat (worn)
 O - the +1 pair of boots of Ru's Pride (worn) {Fly Will+ Int+2}
   (You found it on level 11 of the Dungeon)

   Int:       It affects your intelligence (+2).
   Fly:       It grants you flight.
   Will:      It increases your willpower.
Jewellery
 g - an amulet of faith
 j - a +4 ring of protection (left hand)
 k - a +4 ring of evasion (right hand)
 L - a ring of ice
Wands
 o - a wand of polymorph (15)
 D - a wand of flame (10)
 N - a wand of iceblast (7)
Scrolls
 e - 2 scrolls of blinking {unknown}
 h - a scroll of holy word
 i - a scroll of silence
 l - 3 scrolls of noise {unknown}
 n - 3 scrolls of enchant armour
 p - 3 scrolls of vulnerability {unknown}
 q - a scroll of identify
 s - 6 scrolls of summoning
 t - 2 scrolls of fog {unknown}
 u - a scroll of acquirement
 v - a scroll of immolation {unknown}
 w - a scroll of fear {unknown}
 x - 3 scrolls of magic mapping {unknown}
 A - a scroll of amnesia {unknown}
 E - 4 scrolls of enchant weapon
 G - 3 scrolls of teleportation
Potions
 f - 5 potions of magic
 m - 2 potions of flight
 r - a potion of heal wounds
 z - 3 potions of mutation
 C - a potion of resistance
 F - a potion of brilliance {unknown}
 H - 2 potions of might


   Skills:
 + Level 9.9(14.9) Fighting
 + Level 14.2(19.2) Long Blades
 + Level 1.5(6.5) Axes
 + Level 12.6(17.6) Armour
 + Level 3.6(8.6) Dodging
 + Level 2.2(7.2) Stealth
 + Level 9.5(14.5) Shields
 + Level 1.0 Invocations
 + Level 1.1 Evocations


You had 10 spell levels left.
You didn't know any spells.
Your spell library contained the following spells:

 Spells                   Type           Power      Damage    Failure   Level
 Apportation              Tloc           0%         N/A       99%         1
 Freeze                   Ice            0%         1d3       99%         1
 Pain                     Necr           0%         1d4       99%         1
 Sting                    Tmut/Pois      0%         1d3       99%         1
 Poisonous Vapours        Pois/Air       0%         N/A       100%        2
 Dazzling Flash           Conj/Hex       0%         N/A       100%        3
 Frozen Ramparts          Ice            0%         1d2       100%        3
 Inner Flame              Hex/Fire       0%         N/A       100%        3
 Stone Arrow              Conj/Erth      0%         3d7       100%        3
 Vampiric Draining        Necr           0%         2d6       100%        3
 Cause Fear               Hex            0%         N/A       100%        4
 Hailstorm                Conj/Ice       0%         3d3       100%        4
 Olgreb's Toxic Radiance  Pois           0%         N/A       100%        4
 Agony                    Necr           0%         N/A       100%        5
 Alistair's Intoxication  Tmut/Pois      0%         N/A       100%        5
 Silence                  Hex/Air        0%         N/A       100%        5
 Discord                  Hex            0%         N/A       100%        8
 Lehudib's Crystal Spear  Conj/Erth      0%         10d2      100%        8
 Animate Skeleton         Necr           Unusable   N/A       N/A         1
 Animate Armour           Summ/Erth      Unusable   N/A       N/A         4

Dungeon Overview and Level Annotations

Branches:
Dungeon (11/15)            Temple (1/1) D:6            Lair (1/6) D:10
    Orc (0/2) D:10        Ossuary (visited)          Bailey (visited)

Altars:
Ashenzari
Cheibriados
Dithmenos
Elyvilon
Fedhas
Gozag
Hepliaklqana
Kikubaaqudgha
Makhleb
Nemelex Xobeh
Okawaru
Qazlal
Ru
Sif Muna
Trog
Uskayaw
Vehumet
Wu Jian
Xom
Yredelemnul
Zin
The Shining One

Shops:
D:9 *   D:10 *

Annotations:
Lair:1 Maggie, Nergalle, Urug


Innate Abilities, Weirdness & Mutations

You have a pair of horns on your head.
You reflexively headbutt those who attack you in melee.
You have sharp fingernails.
You are covered in fur. (AC +1)


Message History

You block Nergalle's attack.
The spectral orc warrior hits you but does no damage.
You are more poisoned.
You feel better.
The yak bellows! x2
The spectral orc warrior hits you with a +1 short sword of venom.
* * * LOW HITPOINT WARNING * * *
You are poisoned.
Urug throws a javelin.
The javelin pierces through you!
* * * LOW HITPOINT WARNING * * *
Nergalle gestures at you while chanting.
The bolt of negative energy misses you.
You feel better.
The yak bellows!
You hear a bellow!
You block the spectral orc warrior's attack.
The spectral orc warrior hits you with a +1 short sword of venom.
* * * LOW HITPOINT WARNING * * *
You feel drained.
You are lethally poisoned!
You block Nergalle's attack.
You feel much better.
You feel very sick.
The yak bellows! x2
The yak gores something but does no damage.
Urug hits you with a +4 great mace of draining!!
* * * LOW HITPOINT WARNING * * *
You feel drained.
* * * LOW HITPOINT WARNING * * *
You block the spectral orc warrior's attack.
Nergalle casts a spell at you.
Orcish apparitions take form around you.
You feel protected.
* * * LOW HITPOINT WARNING * * *
You feel very sick.
The yak bellows! x2
You block the spectral orc warrior's attack.
The yak gores something but does no damage.
Urug misses you.
The spectral orc warrior hits you with a +1 short sword of venom.
You die...

#..≈ ...≈≈ ..≈≈≈
..≈≈≈ ## .. ...≈≈
###.#####.# #..≈
#...Z..##.# #..
#.Z.Z!†.#F#####.# #..
#...@o†##..##...# #..
#...oZ†##.##....###..
#.....Y@#..#.....##..
#.....YFSY# #...P#P..
#########Y###...###..
#.#P............
S.................
#########.###.#.##
### #####


You could see Urug, Nergalle, Maggie, 2 spectral orcs, 2 spectral orc warriors,
a black mamba, 4 yaks and a cane toad.

Vanquished Creatures
  Gastronok (D:11)
  A hydra (D:11)
  An orc knight (Bailey)
  Maurice (D:8)
  A black mamba (Lair:1)
  2 cane toads (Lair:1)
  An unseen horror (D:11)
  A polar bear (Lair:1)
  Prince Ribbit (D:8)
  Sigmund (D:6)
  2 wraiths
  2 shadows
  4 wyverns
  9 yaks
  2 steam dragons
  A vampire (D:9)
  A basilisk (D:10)
  3 vampire mosquitoes (D:10)
  Edmund (D:6)
  4 water moccasins
  3 acid dragons
  12 orc warriors
  A swamp drake (D:10)
  An ice beast (D:5)
  2 sky beasts (D:6)
  2 necrophages (D:4)
  2 ogres (D:5)
  A phantom (D:5)
  11 centaurs
  An elf zombie (Ossuary)
  A kobold brigand (D:7)
  4 bullfrogs
  3 scorpions
  2 wyvern zombies
  2 gnoll sergeants (D:11)
  A water moccasin skeleton (D:5)
  3 killer bees (D:9)
  11 wights
  2 howler monkeys
  2 electric eels (D:10)
  3 jellies
  5 centaur zombies
  5 orc priests
  A bullfrog skeleton (D:6)
  6 hounds
  13 orc wizards
  3 ogre zombies (Ossuary)
  A hound skeleton (D:4)
  7 mummies (Ossuary)
  A howler monkey zombie (D:9)
  9 gnolls (D:11)
  A howler monkey skeleton (D:7)
  5 adders
  A shadow imp (D:3)
  A white imp (D:7)
  An ufetubus (D:5)
  4 adder zombies (Ossuary)
  2 worms
  3 dart slugs
  43 orcs
  5 bats
  5 endoplasms
  3 giant cockroaches
  2 gnoll zombies (Ossuary)
  8 goblins
  7 hobgoblins
  2 jackals (D:3)
  10 kobolds
  5 quokkas
  4 ball pythons
  3 frilled lizards (D:3)
  2 goblin zombies (Ossuary)
  5 hobgoblin zombies (Ossuary)
  3 kobold zombies (Ossuary)
  3 quokka zombies (Ossuary)
  6 rats
  5 rat zombies (Ossuary)
300 creatures vanquished.

Vanquished Creatures (collateral kills)
  An orc knight (Bailey)
1 creature vanquished.

Vanquished Creatures (others)
  2 orcs (D:10)
  3 fungi (Lair:1)
  3 plants (D:10)
8 creatures vanquished.

Grand Total: 309 creatures vanquished

Notes
Turn   | Place    | Note
-------+----------+-------------------------------------------
     0 | D:1      | Peloso the Minotaur Fighter began the quest for the Orb.
     0 | D:1      | Reached XP level 1. HP: 19/19 MP: 0/0
   223 | D:1      | Reached XP level 2. HP: 23/27 MP: 1/1
   392 | D:1      | Found a faded altar of an unknown god.
  1477 | D:2      | Reached XP level 3. HP: 28/33 MP: 2/2
  1618 | D:2      | Reached skill level 1 in Dodging
  1935 | D:3      | Reached skill level 3 in Long Blades
  2232 | D:3      | Reached XP level 4. HP: 40/40 MP: 3/3
  3094 | D:4      | Noticed a necrophage
  3117 | D:4      | Reached skill level 4 in Long Blades
  3119 | D:4      | Killed a necrophage
  3120 | D:4      | Reached XP level 5. HP: 20/47 MP: 4/4
  3222 | D:4      | Noticed a necrophage
  3231 | D:4      | Killed a necrophage
  3232 | D:4      | Reached skill level 5 in Long Blades
  3232 | D:4      | Reached skill level 5 in Armour
  3232 | D:4      | Reached XP level 6. HP: 41/53 MP: 5/5
  3233 | D:4      | Found a sand-covered staircase.
  3241 | Ossuary  | Entered an ossuary
  3504 | Ossuary  | Reached skill level 6 in Long Blades
  3581 | Ossuary  | Reached XP level 7. HP: 60/60 MP: 6/6
  3672 | Ossuary  | Reached skill level 5 in Shields
  3797 | Ossuary  | Reached skill level 5 in Fighting
  4405 | D:5      | Entered Level 5 of the Dungeon
  4555 | D:5      | Reached skill level 7 in Long Blades
  4691 | D:5      | Found a hide-covered altar of Uskayaw.
  4745 | D:5      | Noticed a wraith
  4759 | D:5      | Killed a wraith
  4760 | D:5      | Reached skill level 8 in Long Blades
  4760 | D:5      | Reached XP level 8. HP: 34/69 MP: 7/7
  5635 | D:6      | Reached skill level 9 in Long Blades
  5735 | D:6      | Noticed Edmund
  5753 | D:6      | Killed Edmund
  5906 | D:6      | Found a staircase to the Ecumenical Temple.
  5931 | D:6      | Reached skill level 10 in Long Blades
  5931 | D:6      | Reached XP level 9. HP: 58/77 MP: 8/8
  5941 | Temple   | Entered the Ecumenical Temple
  6210 | D:6      | Noticed Sigmund
  6220 | D:6      | Killed Sigmund
  6632 | D:7      | Found a flagged portal.
  6670 | Bailey   | Entered a bailey
  7221 | Bailey   | Reached skill level 11 in Long Blades
  7528 | Bailey   | Noticed an orc knight
  7549 | Bailey   | Gained mutation: You have sharp fingernails. [potion of
                  | mutation]
  7549 | Bailey   | Gained mutation: You are covered in fur. (AC +1) [potion of
                  | mutation]
  7563 | Bailey   | HP: 2/79 [orc knight/+0 glaive (12)]
  7565 | Bailey   | Killed an orc knight
  7566 | Bailey   | Reached skill level 1 in Stealth
  7884 | Bailey   | Noticed an orc knight
  7948 | Bailey   | Killed an orc knight
  7949 | Bailey   | Reached XP level 10. HP: 85/86 MP: 9/9
  8546 | D:7      | Found an ornate altar of the Wu Jian Council.
  8699 | D:7      | Reached skill level 12 in Long Blades
  9665 | D:8      | Noticed Maurice
 11214 | D:8      | Killed Maurice
 11215 | D:8      | Reached skill level 10 in Armour
 11520 | D:8      | Noticed Prince Ribbit
 11530 | D:8      | Killed Prince Ribbit
 11531 | D:8      | Reached skill level 13 in Long Blades
 11581 | D:8      | Found an iron altar of Okawaru.
 11603 | D:8      | Became a worshipper of Warmaster Okawaru
 11666 | D:8      | Found a broken altar of Ashenzari.
 12094 | D:9      | Reached XP level 11. HP: 89/95 MP: 10/10
 12103 | D:9      | Reached * piety under Okawaru
 12182 | D:9      | Found Acsickuz's Assorted Antiques.
 12281 | D:10     | Entered Level 10 of the Dungeon
 12281 | D:10     | Found a staircase to the Lair.
 12414 | D:10     | Found Gaklogy's General Store.
 12951 | D:10     | Found a staircase to the Orcish Mines.
 13269 | D:10     | Found a stormy altar of Qazlal.
 13269 | D:10     | Found a bloodstained altar of Trog.
 13487 | D:10     | Reached ** piety under Okawaru
 13866 | D:11     | Noticed an eight-headed hydra
 13884 | D:11     | Killed a one-headed hydra
 13885 | D:11     | Reached skill level 1 in Evocations
 14136 | D:11     | Reached skill level 1 in Axes
 14203 | D:11     | Found a shadowy altar of Dithmenos.
 14372 | D:11     | Reached skill level 14 in Long Blades
 14897 | D:11     | Noticed Gastronok
 14912 | D:11     | Killed Gastronok
 15354 | D:11     | Reached *** piety under Okawaru
 15749 | D:11     | Identified the +1 pair of boots of Ru's Pride {Fly Will+
                  | Int+2}
 15831 | Lair:1   | Entered Level 1 of the Lair of Beasts
 15931 | Lair:1   | Reached skill level 1 in Invocations
 15938 | Lair:1   | Noticed Maggie
 15943 | Lair:1   | Noticed Nergalle
 15944 | Lair:1   | Noticed Urug
 15951 | Lair:1   | Reached **** piety under Okawaru
 15981 | Lair:1   | HP: 1/99 [Urug/javelin (15)]
 15984 | Lair:1   | Slain by a spectral orc warrior

Illustrated notes

Levels and vault maps discovered:
D:1:      zelgadis_glass_arrival_small, layout_basic,
          chequers_ecumenical_altar_simple_redux,
          chequers_serial_rivers_small_a, kennysheep_flooded_box,
          minmay_surrounded
D:2:      layout_basic, minivault_23
D:3:      layout_basic
D:4:      layout_loops_ring, lightli_ossuary_entry_decrepit_ruins
D:5:      layout_loops_ring, mainiacjoe_overflow_brackets
D:6:      layout_basic, minmay_temple_entry_proselytizer,
          minmay_a_box_with_orc_wizards_in_it, uniq_edmund, uniq_sigmund
D:7:      layout_rooms, nzn_wu_jian_contemplation, enter_bailey_5
D:8:      layout_cave_pools, ashenzari_altar_1,
          mainiacjoe_overflow_surrounded_room, uniq_prince_ribbit1, uniq_maurice
D:9:      layout_rooms, serial_shops, nicolae_stop_n_shop_2
D:10:     layout_loops_cross, gammafunk_temple_overflow_pools,
          dpeg_oklobed_lair, erik_orc_1, serial_shops, nicolae_shop_statue_plus,
          kennysheep_small_spiral
D:11:     layout_grid_maze, grunt_dithmenos_smoke_and_mirrors, uniq_gastronok
Temple:   regret_index_temple_sphere_string
Lair:1:   layout_regular_city, infiniplex_staircase_pool, lemuel_fruit_fields,
          lemuel_fruit_tree, uniq_urug, uniq_nergalle, uniq_maggie

Skill      XL: |  1  2  3  4  5  6  7  8  9 10 11 |
---------------+----------------------------------+-----
Fighting       | 4 5 6 7 8 9 |  9.9
Shields        | 4 5 6 8 9 |  9.5
Armour         | 4 5 6 7 9 10 12 | 12.6
Dodging        | 1 2 3 |  3.6
Long Blades    | 3 4 5 6 8 10 11 13 14 | 14.2
Stealth        | 1 2 |  2.2
Evocations     | 1 |  1.1
Axes           | 1 |  1.5
Invocations    | 1 |  1.0

Action                   |  1- 3 |  4- 6 |  7- 9 | 10-12 || total
-------------------------+-------+-------+-------+-------++-------
Melee: Long sword        |    87 |   145 |   335 |   352 ||   919
       Headbutt          |    13 |    23 |    66 |   145 ||   247
       Falchion          |       |       |       |   247 ||   247
       Hand axe          |       |       |       |    15 ||    15
Invok: Heroism           |       |       |       |     8 ||     8
Evoke: Wand              |       |       |       |     7 ||     7
  Use: Scroll            |     1 |       |     7 |     5 ||    13
       Potion            |       |       |    13 |     7 ||    20
 Stab: Invisible         |       |       |     3 |     4 ||     7
Armor: Scale mail        |    38 |    79 |    14 |       ||   131
       Plate armour      |       |       |    78 |   461 ||   539
Dodge: Dodged            |    38 |    66 |   149 |   350 ||   603
Block: Buckler           |    24 |    38 |    78 |   130 ||   270
       Kite shield       |       |       |       |   103 ||   103
